 Dungeon Crawl Stone Soup version 0.30-a0-125-g51eefa89be (webtiles) character file.

Game seed: 4468111008717245357

20 kapu the Trooper (level 2, -1/27 HPs)
             Began as a Hill Orc Fighter on Sept 18, 2022.
             Slain by a gnoll
             ... wielding a +0 spear
              (7 damage)
             ... on level 2 of the Dungeon.
             The game lasted 00:03:48 (1007 turns).

kapu the Trooper (Hill Orc Fighter)                 Turns: 1007, Time: 00:03:48

Health: -1/27      AC:  7    Str: 18    XL:     2   Next: 79%
Magic:  2/2        EV:  9    Int:  8    God:
Gold:   64         SH:  4    Dex: 10    Spells: 1/1 levels left

rFire   . . .      SeeInvis .    a - +0 war axe
rCold   . . .      Faith    .    c - +0 buckler
rNeg    . . .      Spirit   .    b - +0 scale mail
rPois   .          Reflect  .    (no helmet)
rElec   .          Harm     .    (no cloak)
rCorr   .          Rampage  .    (no gloves)
Will    .....                    (no boots)
Stlth   ..........               (no amulet)
HPRegen 0.09/turn                (no ring)
MPRegen 0.08/turn                (no ring)

@: no status effects
A: no striking features
a: no special abilities


You were on level 2 of the Dungeon.
You visited 1 branch of the dungeon, and saw 2 of its levels.

You collected 64 gold pieces.

Inventory:

Hand Weapons
 a - a +0 war axe (weapon)
Missiles
 e - 13 stones (quivered)
Armour
 b - a +0 scale mail (worn)
 c - a +0 buckler (worn)
Jewellery
 i - an amulet of guardian spirit
Potions
 d - a potion of might
 g - a potion of attraction {unknown}


   Skills:
 + Level 3.7 Fighting
 + Level 3.1 Axes
 + Level 3.7 Armour
 + Level 3.6 Shields


You had one spell level left.
You didn't know any spells.
Your spell library was empty.

Dungeon Overview and Level Annotations

Branches:
Dungeon (2/15)

Altars:
Qazlal


Message History

The gnoll hits you from afar with a +0 spear.
You closely miss the giant cockroach. You hit the plant.
The plant begins to die.
The giant cockroach bites you but does no damage.
The gnoll hits you from afar with a +0 spear.
The giant cockroach closely misses you.
As you read the scroll labelled BAIPSO YGOU, it crumbles to dust.
You hear the tinkle of a tiny bell.
It was a scroll of butterflies.
The gnoll hits you from afar with a +0 spear.
* * * LOW HITPOINT WARNING * * *
The giant cockroach bites you but does no damage.
It was a potion of heal wounds.
You feel much better. The giant cockroach closely misses you.
Something misses your butterfly.
The gnoll hits you from afar with a +0 spear.
The giant cockroach closely misses you.
You hit the giant cockroach.
You kill the giant cockroach!
You hit the plant.
A nearby plant withers and dies.
The gnoll hits you but does no damage. The gnoll closely misses you.
The gnoll barely misses you. The gnoll barely misses you. x2
The gnoll throws a throwing net.
The throwing net hits you.
You become entangled in the net!
The gnoll hits you with a +0 spear.
You see here a throwing net.
You struggle against the net.
The gnoll hits you from afar with a +0 spear.
The gnoll barely misses you.
You struggle against the net.
The gnoll hits you from afar with a +0 spear.
The gnoll hits you but does no damage.
You struggle against the net.
The gnoll hits you with a +0 spear.
The gnoll hits you from afar with a +0 spear.
You rip the net and break free!
You block the gnoll's attack. The gnoll closely misses you.
You closely miss the gnoll. You hit the plant.
The plant begins to die.
The gnoll hits you with a +0 spear.
* * * LOW HITPOINT WARNING * * *
You block the gnoll's attack. The gnoll attacks as you move away!
The gnoll hits you with a +0 spear!
You die...

#P♣ ♣♣. P♣ P.
♣P.♣♣.
#♣.♣PPP..♣♣♣
♣.P..P♣b....
.P.♣.bP.P
♣♣..♣b.♣♣♣♣♣
♣P.b.bbP♣.P♣ .#
#.P♣.b.b.b.♣.♣♣P♣
♣P..@b...b♣..P#
#P.bPg#gb8..♣
#..♣..b$.b.♣$♣.♣
#. ♣P#..b#..P..♣
..
.P....)....♣♣.♣ #
##PP.:_".♣P♣♣
#♣?..b.....
♣.#...#♣...
.P.... ♣P♣.


You could see 2 gnolls.

Vanquished Creatures
  2 ball pythons
  2 endoplasms
  A giant cockroach (D:2)
  4 goblins (D:1)
  2 hobgoblins (D:1)
  A quokka (D:2)
  3 bats (D:1)
  2 rats
17 creatures vanquished.

Vanquished Creatures (others)
  5 plants (D:2)
5 creatures vanquished.

Grand Total: 22 creatures vanquished

Notes
Turn   | Place    | Note
-------+----------+-------------------------------------------
     0 | D:1      | kapu the Hill Orc Fighter began the quest for the Orb.
     0 | D:1      | Reached XP level 1. HP: 19/19 MP: 1/1
   115 | D:1      | Reached XP level 2. HP: 20/27 MP: 2/2
   979 | D:2      | Found a stormy altar of Qazlal.
  1007 | D:2      | Slain by a gnoll

Illustrated notes

Levels and vault maps discovered:
D:1:      dpeg_arrival_orchard, layout_basic, minmay_misc_feat_diagonals
D:2:      wad_woods_stonehenge, layout_basic, basic_altar,
          kennysheep_generic_room_15

Skill      XL: |  1  2 |
---------------+-------+-----
Axes           | 3 |  3.1
Fighting       | |  3.7
Armour         | |  3.7
Shields        | |  3.6

Action                   || total
-------------------------++-------
Melee: War axe           ||    40
  Use: Scroll            ||     1
       Potion            ||     1
Armor: Scale mail        ||    28
Dodge: Dodged            ||    36
Block: Buckler           ||    18

Table legend: (Time is in decaauts)
 A = Elapsed time spent in this place.
 B = Non-inter-level travel time spent in this place.
 C = Inter-level travel time spent in this place.
 D = Time resting spent in this place.
 E = Time spent auto-exploring this place.
 F = Levels seen in this place.
 G = Mean time per level.
                   A        B        C        D        E       F      G
               +--------+--------+--------+--------+--------+-----+--------+
         Total |   1021 |   1020 |      1 |      0 |    824 |   2 |  510.5 |
       Dungeon |   1021 |   1020 |      1 |      0 |    824 |   2 |  510.5 |
               +--------+--------+--------+--------+--------+-----+--------+

Top non-repeatable levels by time:
     D:1: 989 daAuts
     D:2: 32 daAuts
